 Dungeon Crawl Stone Soup version 0.17.2-1-ge4368a0 (webtiles) character file.

116 ololoev the Chopper (level 4, 27/52 HPs)
             Began as a Demonspawn Berserker on July 26, 2016.
             Was a Follower of Trog.
             Quit the game on level 5 of the Dungeon.
             The game lasted 00:02:31 (268 turns).

ololoev the Chopper (Demonspawn Berserker)           Turns: 268, Time: 00:02:31

Health: 27/52      AC:  2    Str: 23    XL:     4   Next: 69%
Magic:  4/4        EV: 12    Int:  8    God:    Trog [*.....]
Gold:   17         SH:  0    Dex: 13    Spells: 0 memorised, 3 levels left

rFire  . . .     SeeInvis .     a - +0 hand axe
rCold  . . .     Clarity  .     b - +0 animal skin
rNeg   . . .     SustAt   .     (no shield)
rPois  .         Gourm    .     (no helmet)
rElec  .         Spirit   .     (no cloak)
rCorr  .         Warding  .     (no gloves)
rMut   .         Stasis   .     (no boots)
MR     +....                    (no amulet)
Stlth  ..........               (no ring)
                                d - ring of protection from magic

@: berserking, very quick, somewhat resistant to hostile enchantments, extremely
unstealthy
A: talons 1, powered by death 1
a: Berserk, Burn Spellbooks, Renounce Religion


Innate Abilities, Weirdness & Mutations

You have sharp toenails.
You regenerate a little health from kills.

Inventory:

Hand Weapons
 a - a +0 hand axe (weapon)
Armour
 b - a +0 animal skin (worn)
Jewellery
 d - a ring of protection from magic (left hand)
Potions
 e - a potion of brilliance {unknown}
Comestibles
 c - 2 bread rations


   Skills:
 - Level 3.0 Fighting
 * Level 4.3 Axes
 + Level 2.9 Armour
 - Level 1.7 Dodging


You had 3 spell levels left.
You didn't know any spells.


You were on level 5 of the Dungeon.
You worshipped Trog.
Trog was aware of your devotion.
You were not hungry.

You visited 1 branch of the dungeon, and saw 5 of its levels.

You collected 17 gold pieces.

#.# ..# ### #.# #.. ..
..# #.# #.# #.# #.#
#.# ### #.# #.# #.#
##.###.# #.###.##
####.@.##.#####.......
+....)................
####...#########.#...#
##..# #.##.## ##.#
#.##.# #.# #.##<## #.#
#...... #.# ####.## #.
#.#

Notes
Turn   | Place    | Note
--------------------------------------------------------------
     0 | D:1      | ololoev the Demonspawn Berserker began the quest for the Orb.
     0 | D:1      | Reached XP level 1. HP: 18/18 MP: 1/1
    77 | D:4      | Noticed an iguana
    89 | D:4      | Killed an iguana
    89 | D:4      | Gained mutation: You regenerate a little health from kills. [demonic ancestry]
    89 | D:4      | Reached XP level 2. HP: 24/24 MP: 2/2
   127 | D:4      | Reached XP level 3. HP: 25/29 MP: 3/3
   242 | D:5      | Entered Level 5 of the Dungeon
   259 | D:5      | Noticed an ogre
   267 | D:5      | Killed an ogre
   267 | D:5      | Reached skill level 4 in Axes
   267 | D:5      | Gained mutation: You have sharp toenails. [demonic ancestry]
   267 | D:5      | Reached XP level 4. HP: 26/35 MP: 4/4
   268 | D:5      | Quit the game

Dungeon Overview and Level Annotations

Branches:
Dungeon (5/15)
 Temple: D:4-7

Altars:


Message History

You open the door.
There is an open door here.
There is a stone staircase leading up here.
As you open the door, it creaks loudly!
There is an open door here.
Found a stone staircase leading down.
You open the door.
There is an open door here.
There is a stone staircase leading down here.
You climb downwards.
There is a stone staircase leading up here.
There is a stone staircase leading up here.
An ogre comes into view. It is wielding a giant club.
You aren't carrying any items that can be evoked.
Unknown command.
Drink which item? (? for menu, Esc to quit)
Okay, then.
Use which ability? (? or * to list)
A red film seems to cover your vision as you go berserk!
You feel yourself moving faster!
You feel mighty!
You feel somewhat more hungry.
You barely miss the ogre. The ogre hits you with a giant club.
You slash the ogre!
The ogre is heavily wounded.
You closely miss the ogre.
The ogre is heavily wounded.
The ogre hits you with a giant club!
You hit the ogre.
The ogre is severely wounded.
You slash the ogre!
You kill the ogre!
Trog accepts your kill.
Your Axes skill increases to level 4!
You have reached level 4!
You feel agile.
You feel monstrous as your demonic heritage exerts itself.
Your demonic ancestry asserts itself...
Your toenails lengthen and sharpen.
Unknown command.
Are you sure you want to abandon this character and quit the game? (Confirm with "yes".)

There were no monsters in sight!

Vanquished Creatures
  An ogre (D:5)
  An iguana (D:4)
  An orc (D:4)
  A goblin (D:1)
  A hobgoblin (D:3)
  A quokka (D:4)
  A ball python (D:4)
  A bat (D:1)
8 creatures vanquished.

Action                   |  1- 3 |  4- 6 || total
-------------------------+-------+-------++-------
Melee: Hand axe          |    29 |       ||    29
Invok: Berserk           |     2 |       ||     2

Vault maps used:
D:1:      lightli_arrival_boilingwater, dk_noncrumbling_3
D:2:      lemuel_tele_altar, uniq_crazy_yiuf_cottage
D:3:      uniq_terence
D:4:      gammafunk_temple_overflow_statue, first_bread, led_sif_book
D:5:      serial_shops, shop
